 Dungeon Crawl Stone Soup version 0.22.1-2-g9c5b331 (webtiles) character file.

15532 Fang the Cleaver (level 12, -2/79 HPs)
             Began as a Gargoyle Berserker on Jan 3, 2019.
             Was an Elder of Trog.
             Slain by a death yak (15 damage)
             ... on level 2 of the Lair of Beasts.
             The game lasted 00:18:45 (12796 turns).

Fang the Cleaver (Gargoyle Berserker)              Turns: 12796, Time: 00:18:46

Health: -2/79      AC: 20    Str: 29    XL:     12   Next: 28%
Magic:  0/21       EV: 14    Int:  7    God:    Trog [****..]
Gold:   763        SH:  3    Dex: 12    Spells: 11/11 levels left

rFire    . . .     SeeInvis .   l - +1 war axe
rCold    . . .     Gourm    .   (no shield)
rNeg     + . .     Faith    .   g - +2 ring mail of a Billion Songs {Dex+3}
rPois    ∞         Spirit   +   s - +2 helmet
rElec    +         Reflect  +   n - scarf {Spirit}
rCorr    .         Harm     .   (no gloves)
MR       .....                  (no boots)
Stlth    +.........             i - +3 amulet of reflection
HPRegen  0.23/turn              z - ring of flight
MPRegen  0.17/turn              D - ring of magical power

@: berserk cooldown, slowed, very slow
A: negative energy resistance 1, electricity resistance, strong 1, unbreathing,
petrification resistance, rot immunity, MP-powered wands, AC +8
a: Berserk, Trog's Hand, Brothers in Arms, Renounce Religion, Evoke Flight


You were on level 2 of the Lair of Beasts.
You worshipped Trog.
Trog was greatly pleased with you.
You were not hungry.

You visited 3 branches of the dungeon, and saw 14 of its levels.
You also visited: Ossuary.

You collected 763 gold pieces.

Inventory:

Hand Weapons
 l - a +1 war axe (weapon)
Armour
 g - the +2 ring mail of a Billion Songs (worn) {Dex+3}
   (You found it on level 7 of the Dungeon)

   It affects your dexterity (+3).
 n - a scarf of spirit shield (worn)
 s - a +2 helmet (worn)
 v - the +2 chain mail "Efucviyc" {rPois MR+ Slay+2}
   (You found it on level 5 of the Dungeon)

   It affects your accuracy and damage with ranged weapons and melee attacks
   (+2).
   It protects you from poison.
   It affects your resistance to hostile enchantments.
 F - a +5 plate armour
Jewellery
 i - a +3 amulet of reflection (around neck)
 m - an uncursed ring of positive energy
 q - an uncursed ring of ice
 u - the ring of Logiavun {*Tele +Inv Int+2 Dex+2}
   (You found it on level 5 of the Dungeon)

   [ring of teleportation]

   It may teleport you next to monsters.
   It affects your intelligence (+2).
   It affects your dexterity (+2).
   It lets you turn invisible.
 z - a ring of flight (left hand)
 B - an uncursed ring of protection from fire
 D - a ring of magical power (right hand)
Wands
 f - a wand of flame (47)
 r - a wand of iceblast (6)
 y - a wand of random effects (23)
 C - a wand of disintegration (13)
 G - a wand of paralysis (15)
 I - a wand of acid (12)
Scrolls
 a - 2 scrolls of teleportation
 b - 2 scrolls of blinking
 e - 3 scrolls of fear
 j - a scroll of identify
 k - 3 scrolls of remove curse
 t - 5 scrolls of magic mapping
Potions
 d - 2 potions of magic
 h - 5 potions of heal wounds
 o - 6 potions of curing
 p - 3 potions of agility
 w - a potion of flight
 x - 3 potions of might
 A - 2 potions of invisibility
 E - 2 potions of brilliance
 H - a potion of resistance
 J - a potion of ambrosia
 K - a potion of cancellation
Comestibles
 c - 29 rations


   Skills:
 + Level 10.6 Fighting
 + Level 13.2 Axes
 + Level 7.0 Armour
 + Level 6.0 Dodging
 + Level 2.9 Stealth


You had 11 spell levels left.
You didn't know any spells.
Your spell library was empty.

Dungeon Overview and Level Annotations

Branches:
Dungeon (11/15)            Temple (1/1) D:7            Lair (2/6) D:11
  Swamp: Lair:2-4    Shoals: Lair:2-4     Snake: Lair:2-4    Spider: Lair:2-4
    Orc: D:9-12

Altars:
Cheibriados
Dithmenos
Fedhas
Ru
Trog
Wu Jian
The Shining One

Shops:
D:11 *

Annotations:
D:5 2 transporters
D:6 2 transporters, SmSkdm's ghost, novice GnNe
D:9 1 runed door


Innate Abilities, Weirdness & Mutations

You are resistant to torment.
Your stone body is resilient. (AC +8)
You are immune to poison.
You resist negative energy. (rN+)
You are resistant to electric shocks. (rElec)
You can survive without breathing.
You are immune to petrification.
You are immune to rotting.
Your muscles are strong. (Str +2)
You expend magic power (3 MP) to strengthen your wands.


Message History

You slash the death yak!
The death yak is heavily wounded.
You slash the death yak! You hit the death yak. The death yak gores your ogre!!
Your ogre dies!
Your ogre's corpse disappears in a puff of smoke!
The death yak gores you!
* * * LOW HITPOINT WARNING * * *
You feel a strong urge to attack something.
The death yak closely misses you. The death yak gores you.
* * * LOW HITPOINT WARNING * * *
You feel your anger nearly subside.
You are no longer berserk.
You are exhausted.
You feel yourself slow down.
You feel much better. You block the death yak's attack.
The death yak closely misses you. The death yak gores you!!
* * * LOW HITPOINT WARNING * * *
Unknown command.
You eat one of the 30 rations.
That ration really hit the spot!
The death yak gores you!
You die...

...............
..........
#..............
..........
#...........
..........
#.........
..........
#.......#
........<.
#......# P.#......
#.)....### ###....
#..##YYY.###
####.... #
##Y@...##
##....... #......#
#.#......
##....###
##.......
###....###.#......
##....####......
#......##......
###....##......
#.....#......
#............


You could see 4 death yaks.

Vanquished Creatures
  2 two-headed ogres
  A black mamba (Lair:1)
  2 gargoyles
  Joseph (D:8)
  A komodo dragon (Lair:1)
  2 centaur skeletons
  A queen bee (Lair:1)
  3 trolls
  3 blink frogs (Lair:2)
  4 hippogriffs
  A shadow (D:11)
  3 yaks (D:9)
  2 wyverns
  A hungry ghost (D:11)
  Menkaure (D:7)
  3 porcupines
  5 orc warriors
  A hornet zombie (D:11)
  A phantom (D:11)
  3 sky beasts
  6 black bears
  2 ice beasts
  5 ogres
  3 centaurs
  2 crocodiles
  4 big kobolds
  An elf zombie (Ossuary)
  2 gnoll sergeants
  7 bullfrogs
  A wyvern skeleton (D:11)
  A water moccasin skeleton (D:3)
  A scorpion (D:11)
  25 killer bees (Lair:1)
  7 wights
  4 howler monkeys
  4 crimson imps
  A centaur zombie (D:6)
  A bullfrog zombie (D:8)
  2 quasits
  13 hounds
  A human zombie (Ossuary)
  2 jellies
  4 orc priests
  3 iguanas
  Terence (D:3)
  2 gnoll shamans (D:6)
  14 orc wizards
  6 worker ants
  Natasha (thrice) (D:3)
  A big kobold zombie (Ossuary)
  3 mummies (Ossuary)
  Robin (D:3)
  16 gnolls
  15 adders
  4 shadow imps
  An adder skeleton (D:9)
  An adder zombie (D:6)
  3 worms
  A dart slug (D:2)
  2 leopard geckos
  35 orcs
  6 giant cockroaches
  19 hobgoblins
  4 jackals (D:10)
  3 quokkas
  5 bats
  4 frilled lizards
  A gnoll zombie (Ossuary)
  19 goblins
  3 goblin zombies (Ossuary)
  2 hobgoblin zombies (Ossuary)
  20 kobolds
  A kobold zombie (Ossuary)
  An orc zombie (Ossuary)
  5 quokka zombies
  8 rats
  3 rat zombies (Ossuary)
  5 fungi (D:11)
  A plant (D:11)
362 creatures vanquished.

Vanquished Creatures (collateral kills)
  3 hydras
  A death yak (Lair:2)
4 creatures vanquished.

Vanquished Creatures (others)
  3 fungi (D:11)
3 creatures vanquished.

Grand Total: 369 creatures vanquished

Notes
Turn   | Place    | Note
-------+----------+-------------------------------------------
     0 | D:1      | Fang the Gargoyle Berserker began the quest for the Orb.
     0 | D:1      | Reached XP level 1. HP: 14/14 MP: 1/1
   440 | D:1      | Found a blossoming altar of Fedhas.
   443 | D:1      | Reached XP level 2. HP: 19/19 MP: 2/2
   550 | D:1      | Reached skill level 3 in Axes
   990 | D:2      | Reached XP level 3. HP: 20/24 MP: 3/3
  1619 | D:2      | Reached XP level 4. HP: 28/29 MP: 4/4
  1820 | D:3      | Reached ** piety under Trog
  1893 | D:3      | Noticed Terence
  1902 | D:3      | Killed Terence
  1902 | D:3      | Reached skill level 4 in Axes
  1904 | D:3      | Reached XP level 5. HP: 30/33 MP: 5/5
  2181 | D:3      | Noticed Natasha
  2187 | D:3      | Killed Natasha
  2313 | D:3      | Noticed Robin
  2327 | D:3      | Reached skill level 1 in Stealth
  2328 | D:3      | Killed Robin
  2328 | D:3      | Reached XP level 6. HP: 34/39 MP: 6/6
  2498 | D:3      | Noticed Natasha
  2506 | D:3      | Killed Natasha
  2506 | D:3      | Reached *** piety under Trog
  2715 | D:3      | Found an ornate altar of the Wu Jian Council.
  2725 | D:3      | Found a bloodstained altar of Trog.
  2726 | D:3      | Found a snail-covered altar of Cheibriados.
  2825 | D:3      | Noticed Natasha
  2829 | D:3      | Killed Natasha
  2958 | D:4      | Found a shadowy altar of Dithmenos.
  3238 | D:4      | Reached skill level 5 in Axes
  3451 | D:4      | Found a sacrificial altar of Ru.
  3642 | D:5      | Entered Level 5 of the Dungeon
  3657 | D:5      | Noticed an ice beast
  3664 | D:5      | Killed an ice beast
  3664 | D:5      | Reached XP level 7. HP: 44/44 MP: 7/7
  3819 | D:5      | Reached skill level 5 in Fighting
  3819 | D:5      | Reached skill level 6 in Axes
  3979 | D:5      | Found a transporter.
  4025 | D:5      | Found a transporter.
  4141 | D:5      | Got a slimy lead ring
  4216 | D:5      | Got a heavily runed chain mail
  4227 | D:5      | Identified the +2 chain mail "Efucviyc" {rPois MR+ Slay+2}
                  | (You found it on level 5 of the Dungeon)
  4257 | D:5      | Reached XP level 8. HP: 49/49 MP: 8/8
  4392 | D:6      | Found a sand-covered staircase.
  4505 | Ossuary  | Entered an ossuary
  4554 | Ossuary  | Identified the ring of Logiavun {*Tele +Inv Int+2 Dex+2}
                  | (You found it on level 5 of the Dungeon)
  4570 | Ossuary  | Reached **** piety under Trog
  4581 | Ossuary  | Reached skill level 7 in Axes
  4804 | D:6      | Found a bloodstained altar of Trog.
  5241 | D:6      | Reached skill level 8 in Axes
  5251 | D:6      | Reached XP level 9. HP: 51/55 MP: 9/9
  5315 | D:6      | Received a gift from Trog
  5518 | D:6      | Reached skill level 9 in Axes
  6032 | D:6      | Found a transporter.
  6032 | D:6      | Found a transporter.
  6032 | D:6      | Noticed SmSkdm's ghost (novice GnNe)
  6034 | D:6      | Noticed a two-headed ogre
  6420 | D:7      | Gained mutation: You are agile. (Dex +2) [potion of
                  | mutation]
  6420 | D:7      | Lost mutation: You are agile. (Dex +2) [potion of mutation]
  6420 | D:7      | Gained mutation: You are resistant to hostile enchantments.
                  | (MR+) [potion of mutation]
  6421 | D:7      | Lost mutation: You are resistant to hostile enchantments.
                  | (MR+) [potion of mutation]
  6421 | D:7      | Gained mutation: Your muscles are strong. (Str +2) [potion
                  | of mutation]
  6421 | D:7      | Gained mutation: You expend magic power (3 MP) to
                  | strengthen your wands. [potion of mutation]
  6440 | D:7      | Found a staircase to the Ecumenical Temple.
  6483 | Temple   | Entered the Ecumenical Temple
  6521 | D:7      | Noticed Menkaure
  6533 | D:7      | Killed Menkaure
  6712 | D:7      | Reached ***** piety under Trog
  6952 | D:7      | Reached skill level 5 in Armour
  7019 | D:7      | Reached skill level 10 in Axes
  7062 | D:7      | Got a pitted ring mail
  7073 | D:7      | Identified the +2 ring mail of a Billion Songs {Dex+3} (You
                  | found it on level 7 of the Dungeon)
  7426 | D:8      | Reached XP level 10. HP: 40/64 MP: 10/10
  7864 | D:8      | Noticed Joseph
  7887 | D:8      | Killed Joseph
  8040 | D:8      | Noticed a two-headed ogre
  8049 | D:8      | Killed a two-headed ogre
  8378 | D:9      | Reached skill level 11 in Axes
  8732 | D:9      | Received a gift from Trog
  9020 | D:9      | Reached XP level 11. HP: 50/69 MP: 7/11
  9029 | D:9      | Reached skill level 5 in Dodging
  9095 | D:9      | Found a glowing golden altar of the Shining One.
  9200 | D:9      | Found a runed door.
  9200 | D:9      | Noticed a sixfirhy
  9343 | D:10     | Entered Level 10 of the Dungeon
  9425 | D:10     | Noticed a four-headed hydra
  9441 | D:10     | Killed a four-headed hydra
 10456 | D:11     | Found Xeki's General Store.
 10503 | D:11     | Reached skill level 12 in Axes
 10737 | D:11     | Found a staircase to the Lair.
 10831 | D:11     | Noticed a four-headed hydra
 10844 | D:11     | Killed a five-headed hydra
 10951 | D:11     | Noticed a two-headed ogre
 10956 | D:11     | Killed a two-headed ogre
 10956 | D:11     | Reached skill level 10 in Fighting
 11462 | Lair:1   | Entered Level 1 of the Lair of Beasts
 11951 | Lair:1   | Noticed a six-headed hydra
 11961 | Lair:1   | Killed a seven-headed hydra
 12137 | Lair:1   | Reached XP level 12. HP: 76/78 MP: 12/12
 12206 | Lair:1   | Reached skill level 13 in Axes
 12777 | Lair:2   | Noticed a death yak
 12777 | Lair:2   | Noticed a death yak
 12777 | Lair:2   | Noticed a death yak
 12778 | Lair:2   | Noticed a death yak
 12779 | Lair:2   | Noticed a death yak
 12787 | Lair:2   | Killed a death yak
 12796 | Lair:2   | Slain by a death yak

Skill      XL: |  1  2  3  4  5  6  7  8  9 10 11 12 |
---------------+-------------------------------------+-----
Axes           | 3 4 5 6 8 10 11 12 13 | 13.2
Dodging        | 2 3 4 5 6 |  6.0
Fighting       | 4 5 6 7 8 10 | 10.6
Stealth        | 1 2 |  2.9
Armour         | 3 5 6 7 |  7.0

Action                   |  1- 3 |  4- 6 |  7- 9 | 10-12 || total
-------------------------+-------+-------+-------+-------++-------
Melee: Hand axe          |   112 |       |       |       ||   112
       War axe           |     7 |   193 |   374 |   623 ||  1197
Invok: Berserk           |       |     3 |     3 |     4 ||    10
       Brothers in Arms  |       |       |       |     5 ||     5
  Use: Scroll            |       |       |    16 |    15 ||    31
       Potion            |       |       |     2 |     2 ||     4
  Eat: Chunk             |     2 |     9 |    13 |    17 ||    41
       Ration            |       |       |     1 |     3 ||     4
Armor: Animal skin       |    36 |    86 |       |       ||   122
       Chain mail        |       |     6 |   301 |       ||   307
       Ring mail         |       |       |     9 |   301 ||   310
Dodge: Dodged            |    73 |   162 |   205 |   382 ||   822
Block: Other             |       |       |     2 |    78 ||    80
       Reflection        |       |       |       |     1 ||     1
